[Event "Titled Tuesday Blitz February 15 Late 2022"]
[White "Yedidia, Daniel"]
[Black "Moral Garcia, Serafin"]
[WhiteFideId "30905907"]
[BlackFideId "2201925"]
[WhiteElo "2487"]
[BlackElo "2228"]
[Result "1-0"]
[Round "04"]
[TimeControl "180+1"]
[Date "2022.02.16"]
[WhiteClock "0:01:29"]
[BlackClock "0:01:09"]

1. d4 Nf6 2. c4 c5 3. d5 e6 4. Nc3 exd5 5. cxd5 d6 6. e4 g6 7. f4 Bg7 8. Bb5+ Nfd7 9. a4 O-O 10. Nf3 Na6 11. O-O Nb4 12. Re1 a6 13. Bf1 Re8 14. g3 f5 15. exf5 Rxe1 16. Qxe1 Nc2 17. Qe6+ Kh8 18. Ng5 Ne5 19. fxe5 Bxe6 20. dxe6 Nxa1 21. Nf7+ Kg8 22. Nxd8 Rxd8 23. f6 Bf8 24. Bc4 Kh8 25. e7 Bxe7 26. fxe7 Re8 27. Bg5 dxe5 28. Bf6# 1-0


[Site "https://www.chess.com"]

[Event "Titled Tuesday Blitz February 15 Late 2022"]
[White "Yoo, Christopher Woojin"]
[Black "Wu, Christopher"]
[WhiteFideId "30909694"]
[BlackFideId "2040875"]
[WhiteElo "2105"]
[BlackElo "2668"]
[Result "1-0"]
[Round "04"]
[TimeControl "180+1"]
[Date "2022.02.15"]
[WhiteClock "0:00:13"]
[BlackClock "0:00:18"]

1. e4 c5 2. Nf3 Nc6 3. b4 cxb4 4. d4 d5 5. exd5 Qxd5 6. c4 bxc3 7. Nxc3 Qa5 8. d5 Qxc3+ 9. Bd2 Qf6 10. dxc6 bxc6 11. Rc1 Bd7 12. Bd3 e6 13. O-O Ba3 14. Rc4 h5 15. Qa4 Bd6 16. Bc3 Qh6 17. Rb1 Ne7 18. Bd2 g5 19. Bxg5 Qg7 20. Bxe7 Bxe7 21. Be4 Rg8 22. g3 Rc8 23. Bxc6 Rxc6 24. Rxc6 Bd8 25. Rd1 Qg4 26. Qxg4 hxg4 27. Rcd6 gxf3 28. Rxd7 Bb6 29. R7d3 Rg4 30. Rxf3 Ra4 31. a3 Ke7 32. Rfd3 Bc5 33. Rc1 Bd6 34. Rb1 f5 35. Rb7+ 1-0


[Site "https://www.chess.com"]

[Event "Titled Tuesday Blitz February 15 Late 2022"]
[White "Yuan, Qingyu"]
[Black "Hamley, Ryan"]
[WhiteFideId "8609772"]
[BlackFideId "30959497"]
[WhiteElo "2359"]
[BlackElo "2407"]
[Result "0-1"]
[Round "04"]
[TimeControl "180+1"]
[Date "2022.02.16"]
[WhiteClock "0:00:39"]
[BlackClock "0:01:09"]

1. Nf3 g6 2. e4 Bg7 3. d4 c6 4. c3 d5 5. e5 Bg4 6. Nbd2 e6 7. h3 Bxf3 8. Nxf3 Ne7 9. Bd3 h6 10. O-O Nd7 11. Bf4 Qc7 12. Qd2 c5 13. Rfe1 Nc6 14. Rac1 Qb6 15. dxc5 Qxc5 16. b4 Qe7 17. b5 Na5 18. c4 Nxc4 19. Bxc4 dxc4 20. Rxc4 Nb6 21. Rd4 Rd8 22. Rd6 Nd5 23. Bg3 O-O 24. Qd4 Qxd6 25. exd6 Bxd4 26. Nxd4 Rd7 27. Rc1 Rfd8 28. a4 g5 29. Nb3 Nf4 30. Bxf4 gxf4 31. Rc4 Rxd6 32. Rxf4 b6 33. Kh2 Rd3 34. Nc1 R3d4 35. Rf3 Rxa4 36. Ne2 Rb4 37. Ra3 Rd7 38. Nc3 Rd3 39. Nb1 Rxa3 40. Nxa3 Rb3 41. Nc4 Rxb5 42. f3 a5 43. Nd6 Rb4 0-1


[Site "https://www.chess.com"]

[Event "Titled Tuesday Blitz February 15 Late 2022"]
[White "Zhurbinsky, David"]
[Black "Ladan, Nicholas"]
[WhiteFideId "2072904"]
[BlackFideId "30918855"]
[WhiteElo "2537"]
[BlackElo "2336"]
[Result "1-0"]
[Round "04"]
[TimeControl "180+1"]
[Date "2022.02.16"]
[WhiteClock "0:00:34"]
[BlackClock "0:00:14"]

1. e4 e5 2. Nf3 Nc6 3. Bb5 a6 4. Ba4 g6 5. O-O Bg7 6. c3 d6 7. h3 Nf6 8. d4 exd4 9. cxd4 b5 10. Bc2 O-O 11. Bg5 h6 12. Be3 Re8 13. Nbd2 Nb4 14. Bb3 Bb7 15. a3 Nc6 16. Rc1 Na5 17. Bc2 c5 18. dxc5 dxc5 19. Bxc5 Nxe4 20. Nxe4 Qxd1 21. Rfxd1 Bxe4 22. Bxe4 Rxe4 23. b4 Nc4 24. Rd3 Bb2 25. Rcd1 Nxa3 26. Rd8+ Rxd8 27. Rxd8+ Kg7 28. Bf8+ Kf6 29. Bxh6 Rxb4 30. Rd6+ Ke7 31. Rxa6 Ra4 32. Rb6 b4 33. Rb7+ Kd6 34. Bf8+ Kc6 35. Rxb4 Rxb4 36. Bxb4 Nc2 37. Bd2 Nd4 38. Ne5+ Kd5 39. Nxf7 Ke4 40. Ng5+ Kd3 41. Be3 Nf5 42. Bf4 Ke2 43. Ne4 Bd4 44. Ng3+ Ke1 45. Nxf5 Bxf2+ 46. Kh2 gxf5 47. Bg3 Ke2 48. Bxf2 Kxf2 49. h4 f4 50. h5 f3 51. gxf3 Kf1 52. h6 Kf2 53. h7 Kf1 54. h8=Q Kf2 55. Qb2+ Kf1 56. f4 Ke1 57. f5 Kd1 58. f6 Ke1 59. f7 Kd1 60. f8=Q Ke1 61. Kg2 Kd1 62. Kg1 Ke1 63. Qh6 Kd1 64. Qh1 Ke1 65. Kh2# 1-0


[Site "https://www.chess.com"]

[Event "Titled Tuesday Blitz February 15 Late 2022"]
[White "Zierk, Steven"]
[Black "Kravtsiv, Martyn"]
[WhiteFideId "2034255"]
[BlackFideId "14113147"]
[WhiteElo "2494"]
[BlackElo "2694"]
[Result "0-1"]
[Round "04"]
[TimeControl "180+1"]
[Date "2022.02.15"]
[WhiteClock "0:00:07"]
[BlackClock "0:00:04"]

1. e4 e5 2. Nf3 Nc6 3. Bc4 Nf6 4. d4 exd4 5. e5 d5 6. Bb5 Nd7 7. O-O Be7 8. Bxc6 bxc6 9. Nxd4 Nb8 10. f4 c5 11. Nf3 d4 12. Qd3 Ba6 13. c4 dxc3 14. Qxd8+ Bxd8 15. Re1 cxb2 16. Bxb2 O-O 17. Nbd2 Nc6 18. Ne4 Be7 19. Ba3 Nb4 20. f5 Rfd8 21. f6 Bf8 22. fxg7 Kxg7 23. e6 Nd3 24. Re3 fxe6 25. Nfg5 Bc4 26. Rg3 Bd6 27. Nxe6+ Kh8 28. Nxd6 Rxd6 29. Nxc5 Rg8 30. Nxd3 Rxg3 31. Bxd6 Rxd3 32. Bxc7 Rd2 33. Bf4 Rc2 34. a4 Bd5 35. Rd1 Rxg2+ 36. Kf1 Bf3 37. Rd8+ Kg7 38. Rd7+ Kg6 39. Rxa7 Ra2 40. a5 h5 41. h4 Kf5 42. Bg5 Be2+ 43. Ke1 Bd3 44. Kd1 Ke4 45. Re7+ Kd4 46. Be3+ Kc4 47. Bb6 Kc3 48. Ke1 Rh2 49. Rc7+ Kb3 50. Bf2 Bc4 51. Rc5 Kc3 52. Bg3 Re2+ 53. Kd1 Ra2 54. Be1+ Kd3 55. Rxc4 Kxc4 56. Bg3 Kd3 57. Ke1 Rxa5 58. Kf2 Ra4 59. Kf3 Re4 60. Bf4 Re2 61. Bg5 Re4 62. Bf4 Rc4 63. Bg5 Kd4 64. Kf2 Ke4 65. Kg3 Rc3+ 66. Kf2 Rf3+ 67. Kg2 Rb3 68. Kf2 Kf5 69. Kg2 Kg4 70. Kf2 Rf3+ 71. Kg2 Rf5 72. Be7 Re5 73. Bg5 Re2+ 74. Kf1 Kf3 75. Bh6 Re4 76. Kg1 Rxh4 77. Bf8 Rh3 78. Bd6 Rh4 79. Bb8 Rb4 80. Bd6 Rb2 81. Be5 Rc2 82. Bd6 Kg4 83. Bb8 Kh3 84. Bd6 Ra2 85. Bc7 Ra1+ 86. Kf2 Ra4 87. Kg1 Rg4+ 88. Kf2 Rg2+ 89. Kf1 Rg7 90. Be5 Rg8 91. Bd6 Rg7 92. Be5 Rg6 93. Bc7 h4 94. Kf2 Rg5 95. Bb8 Rg2+ 96. Kf1 Rg6 97. Be5 Rg4 98. Bc7 Rg8 99. Bd6 Rd8 100. Bc7 Rc8 101. Bd6 Rc6 102. Bb8 Re6 103. Bc7 Rf6+ 104. Kg1 Kg4 105. Kg2 Rc6 106. Bb8 Rc2+ 107. Kg1 Kf3 108. Bd6 Rg2+ 109. Kh1 Rg6 110. Bb8 Kg4 111. Kg2 Rc6 112. Kg1 Rc2 113. Bd6 Kh3 114. Bb8 Rg2+ 115. Kf1 Rg8 116. Bc7 Rc8 117. Bd6 Rg8 118. Bc7 Rg6 119. Bb8 Rg3 120. Bc7 Rd3 121. Bb8 Rd1+ 122. Kf2 Rb1 123. Bc7 Kg4 124. Kg2 Rb2+ 125. Kg1 h3 126. Bd6 Kf3 127. Bc7 Ra2 128. Bb8 Ra1+ 129. Kh2 Kg4 130. Bc7 Ra2+ 131. Kg1 Rc2 132. Bb8 Rc1+ 133. Kh2 Rd1 134. Bc7 Rd2+ 135. Kg1 Rg2+ 136. Kh1 Rc2 137. Bb8 h2 138. Bxh2 Kh3 139. Bg1 Rd2 140. Be3 Rh2+ 141. Kg1 Ra2 142. Kh1 Kg3 143. Bg1 Rc2 144. Be3 Rh2+ 145. Kg1 Re2 0-1


[Site "https://www.chess.com"]

[Event "Titled Tuesday Blitz February 15 Late 2022"]
[White "Al Hosani, Omran"]
[Black "Pichot, Alan"]
[WhiteFideId "9308733"]
[BlackFideId "110973"]
[WhiteElo "2246"]
[BlackElo "2543"]
[Result "0-1"]
[Round "05"]
[TimeControl "180+1"]
[Date "2022.02.16"]
[WhiteClock "0:00:11"]
[BlackClock "0:00:11"]

1. e4 e5 2. Nf3 Nc6 3. Bb5 a6 4. Ba4 Nf6 5. O-O Be7 6. Re1 b5 7. Bb3 O-O 8. h3 d6 9. d3 Na5 10. c3 Nxb3 11. axb3 Bb7 12. b4 Re8 13. Nbd2 Bf8 14. Nb3 Rb8 15. Be3 g6 16. Na5 Ba8 17. Nb3 Qc8 18. Ba7 Rb7 19. Be3 c6 20. Rxa6 d5 21. exd5 Nxd5 22. Bc5 Bg7 23. d4 e4 24. Nfd2 f5 25. Qa1 Rf7 26. c4 Nf4 27. Qa2 Bb7 28. Ra7 Nd3 29. Re3 Bh6 30. cxb5 Qe6 31. bxc6 Bxc6 32. Rxf7 Qxf7 33. Re2 Bxd2 34. Rxd2 Bd5 35. b5 Bxb3 36. Qa5 f4 37. b6 Bc4 38. b3 e3 39. fxe3 fxe3 40. Re2 Qf2+ 41. Rxf2 exf2+ 42. Kh2 f1=Q 43. bxc4 Qf4+ 44. Kg1 Re1+ 45. Qxe1 Nxe1 46. b7 Qg3 47. Kf1 Qxg2+ 48. Kxe1 Qxb7 49. Kd2 Qd7 50. Kc3 Qxh3+ 51. Kb4 Kf7 52. d5 h5 53. Bd4 Qd7 54. c5 Qxd5 55. Bf2 h4 56. Bxh4 Qd4+ 57. Ka5 Qxh4 58. c6 Qd8+ 59. Ka6 Qc8+ 60. Ka5 g5 61. c7 g4 62. Kb6 g3 63. Ka7 g2 64. Kb6 g1=Q+ 65. Kb5 Qxc7 0-1


[Site "https://www.chess.com"]

[Event "Titled Tuesday Blitz February 15 Late 2022"]
[White "Al-Tarboush, Ward"]
[Black "Jaracz, Pawel"]
[WhiteFideId "7601450"]
[BlackFideId "1102222"]
[WhiteElo "2276"]
[BlackElo "2429"]
[Result "0-1"]
[Round "05"]
[TimeControl "180+1"]
[Date "2022.02.15"]
[WhiteClock "0:00:01"]
[BlackClock "0:00:12"]

1. d4 Nf6 2. Nf3 d5 3. Nc3 c6 4. Bg5 Qb6 5. Qc1 Bf5 6. e3 Nbd7 7. Bd3 Bxd3 8. cxd3 e6 9. O-O Be7 10. Ne5 Bd6 11. f4 Rc8 12. Qd2 O-O 13. Rae1 c5 14. dxc5 Bxc5 15. Na4 Qb4 16. Qd1 b5 17. Nxc5 Qxc5 18. Kh1 Qc2 19. Re2 Qxd1 20. Rxd1 Nxe5 21. fxe5 Nd7 22. Be7 Rfe8 23. Bd6 Rc6 24. d4 Rec8 25. h3 f6 26. e4 dxe4 27. Rxe4 Rc1 28. Rxc1 Rxc1+ 29. Kh2 f5 30. Re2 Nb6 31. Bc5 Nd5 32. Bxa7 g5 33. b3 b4 34. Bc5 f4 35. g3 Kf7 36. gxf4 gxf4 37. Rg2 Rc3 38. h4 h5 39. Rf2 Kg6 40. Kg2 Kf5 41. Rf3 Ne3+ 42. Kf2 Ke4 43. Ke2 Rc2+ 0-1


[Site "https://www.chess.com"]

[Event "Titled Tuesday Blitz February 15 Late 2022"]
[White "Antonova, Nadezhda"]
[Black "Gubajdullin, Alexei"]
[WhiteFideId "14700182"]
[BlackFideId "4141202"]
[WhiteElo "1765"]
[BlackElo "2268"]
[Result "0-1"]
[Round "05"]
[TimeControl "180+1"]
[Date "2022.02.16"]
[WhiteClock "0:00:04"]
[BlackClock "0:01:29"]

1. Nf3 g6 2. d4 Bg7 3. g3 Nf6 4. b3 c5 5. Bb2 Qa5+ 6. Nbd2 Ne4 7. Bg2 Nc3 8. Bxc3 Qxc3 9. e3 cxd4 10. exd4 Nc6 11. O-O Nxd4 12. Nxd4 Qxd4 13. Rb1 O-O 14. Qe2 Qb4 15. Nc4 e6 16. Ne5 d6 17. Nd3 Qa5 18. c4 Rb8 19. Rbd1 b5 20. b4 Qa3 21. c5 dxc5 22. bxc5 b4 23. c6 Ba6 24. Qc2 b3 25. axb3 Qxb3 26. Qxb3 Rxb3 27. Nc5 Bxf1 28. Kxf1 Rc3 29. Nd7 Rc8 30. Rb1 Bd4 31. Rd1 e5 32. Rd2 a5 33. Ke2 a4 34. Bd5 a3 35. Nf6+ Kg7 36. Ne4 Rc1 37. Nd6 R8xc6 38. Bxc6 Rxc6 39. Nb5 Bb2 40. f4 exf4 41. gxf4 a2 0-1


[Site "https://www.chess.com"]

[Event "Titled Tuesday Blitz February 15 Late 2022"]
[White "Arabidze, Meri"]
[Black "Niemann, Hans Moke"]
[WhiteFideId "13604040"]
[BlackFideId "2093596"]
[WhiteElo "2329"]
[BlackElo "2636"]
[Result "0-1"]
[Round "05"]
[TimeControl "180+1"]
[Date "2022.02.15"]
[WhiteClock "0:00:03"]
[BlackClock "0:01:53"]

1. Nf3 d6 2. d4 Nf6 3. g3 g6 4. Bg2 Bg7 5. O-O Bd7 6. a4 Qc8 7. Re1 c5 8. e4 cxd4 9. Nxd4 Nc6 10. c3 Bh3 11. a5 a6 12. Nd2 O-O 13. Nxc6 bxc6 14. Nc4 Bxg2 15. Kxg2 Qb7 16. Nb6 Rad8 17. Qe2 Nd7 18. Be3 c5 19. Nd5 e6 20. Nf4 Qxe4+ 21. f3 Qb7 22. h4 h5 23. Nh3 Rb8 24. Rab1 d5 25. Ng5 d4 26. Bd2 Qb5 27. c4 Qc6 28. Kh3 Rb3 29. Rf1 Rfb8 30. Bf4 e5 31. Bc1 f6 32. Ne4 Qe6+ 33. Kg2 Qc6 34. Kg1 f5 35. Ng5 Bf6 36. Qf2 Re8 37. Qg2 Bxg5 38. Bxg5 Reb8 39. Rf2 Qe6 40. Rbf1 Qxc4 41. g4 hxg4 42. fxg4 f4 43. h5 Rg3 44. Qxg3 fxg3 45. Rf3 e4 46. Rf4 Qe6 47. hxg6 Qxg6 48. Bh4 g2 49. Kxg2 e3 50. Kh3 e2 51. Re1 d3 52. Rf5 d2 53. Rxe2 d1=Q 0-1


[Site "https://www.chess.com"]

[Event "Titled Tuesday Blitz February 15 Late 2022"]
[White "Araujo Filho, Luiz Antonio Coel"]
[Black "Desideri, Ricardo Maruchi"]
[WhiteFideId "2130661"]
[BlackFideId "2110440"]
[WhiteElo "2200"]
[BlackElo "1945"]
[Result "1-0"]
[Round "05"]
[TimeControl "180+1"]
[Date "2022.02.16"]
[WhiteClock "0:00:51"]
[BlackClock "0:00:07"]

1. d4 Nf6 2. Nf3 d6 3. c4 c5 4. d5 g6 5. Nc3 Bg7 6. e4 Bg4 7. Be2 Bxf3 8. Bxf3 e6 9. O-O exd5 10. exd5 O-O 11. Bg5 Nbd7 12. Re1 a6 13. a4 Re8 14. Qc2 Qc7 15. h3 Ne5 16. Be2 Re7 17. Bf1 Rae8 18. Reb1 h6 19. Bh4 g5 20. Bg3 Nh5 21. Bh2 Nf4 22. Bxf4 gxf4 23. Qf5 f3 24. g4 Qd7 25. Qf4 f5 26. Qxf5 Qxf5 27. gxf5 Rf7 28. Re1 Rxf5 29. Ne4 Ref8 30. Nxd6 Rg5+ 31. Kh1 Kh7 32. Ne4 Rg6 33. Nxc5 Rg8 34. Rxe5 Bxe5 35. Bd3 Kh8 36. Bxg6 Rxg6 37. Rg1 Rxg1+ 38. Kxg1 Bxb2 39. Nxb7 Kg7 40. c5 Kf7 41. c6 Be5 42. Nc5 Bd6 43. Nxa6 Ke7 44. Kf1 Kd8 45. Ke1 Kc8 46. Kd1 h5 47. Kd2 Bf4+ 48. Kd3 Bg3 49. fxg3 1-0


[Site "https://www.chess.com"]

[Event "Titled Tuesday Blitz February 15 Late 2022"]
[White "Batsiashvili, Nino"]
[Black "Senthil Maran K"]
[WhiteFideId "13602993"]
[BlackFideId "25035681"]
[WhiteElo "2230"]
[BlackElo "2194"]
[Result "1-0"]
[Round "05"]
[TimeControl "180+1"]
[Date "2022.02.16"]
[WhiteClock "0:00:17"]
[BlackClock "0:00:07"]

1. d4 d5 2. c4 e6 3. Nf3 c6 4. Nc3 dxc4 5. a4 Bb4 6. g3 b5 7. Bg2 Bb7 8. O-O Nf6 9. Ne5 Qc8 10. e4 a6 11. Be3 O-O 12. f4 Nbd7 13. f5 Nxe5 14. dxe5 Nd7 15. f6 Nxe5 16. fxg7 Kxg7 17. Bd4 f6 18. Rxf6 Rxf6 19. Bxe5 Be7 20. Qh5 Qe8 21. Qg5+ Qg6 22. h4 Kg8 23. Bxf6 Bxf6 24. Qe3 Rd8 25. e5 Bg7 26. Ne2 Rd3 27. Qb6 Rxg3 28. Nxg3 Bxe5 29. Qxb7 Qxg3 30. Qc8+ Kg7 31. Qd7+ Kh8 32. Qd2 Bd4+ 33. Qxd4+ e5 34. Qf2 Qb3 35. Rf1 Qb4 36. Qf8+ Qxf8 37. Rxf8+ Kg7 38. Ra8 b4 39. Rxa6 c5 40. Rc6 c3 41. bxc3 b3 42. Be4 h5 43. Rxc5 b2 44. Rxe5 Kf6 45. Rxh5 b1=Q+ 46. Bxb1 Kg7 47. Rg5+ Kh6 48. Rh5+ Kg7 49. a5 Kf6 50. a6 1-0


[Site "https://www.chess.com"]

[Event "Titled Tuesday Blitz February 15 Late 2022"]
[White "Bok, Benjamin"]
[Black "Sohal, Tanraj"]
[WhiteFideId "1017063"]
[BlackFideId "2608499"]
[WhiteElo "2658"]
[BlackElo "2200"]
[Result "1-0"]
[Round "05"]
[TimeControl "180+1"]
[Date "2022.02.15"]
[WhiteClock "0:00:27"]
[BlackClock "0:00:01"]

1. d4 Nf6 2. c4 g6 3. g3 Bg7 4. Bg2 O-O 5. Nc3 c5 6. dxc5 Na6 7. Nf3 Nxc5 8. O-O d6 9. Be3 Bf5 10. Rc1 Rc8 11. b3 a6 12. Nd4 Qd7 13. Nxf5 gxf5 14. b4 Nce4 15. Nxe4 Nxe4 16. Qd3 Qe6 17. g4 Qe5 18. gxf5 Nc3 19. a3 b5 20. cxb5 axb5 21. Rc2 d5 22. Bc5 Ne4 23. Rfc1 Qxf5 24. f3 Nd6 25. Qxf5 Nxf5 26. Bh3 Nd4 27. Bxc8 Nxc2 28. Bd7 Nxa3 29. Bxe7 Ra8 30. Kf1 Nc4 31. Bxb5 Ne3+ 32. Kf2 Bd4 33. Bc5 Bxc5 34. bxc5 d4 35. c6 Nd5 36. c7 Rc8 37. Rc5 Nxc7 38. Bd7 Rd8 39. Rxc7 1-0


[Site "https://www.chess.com"]

[Event "Titled Tuesday Blitz February 15 Late 2022"]
[White "Bolanos, Fernando"]
[Black "Kopczynski, Michal"]
[WhiteFideId "3304094"]
[BlackFideId "1124200"]
[WhiteElo "2019"]
[BlackElo "2235"]
[Result "0-1"]
[Round "05"]
[TimeControl "180+1"]
[Date "2022.02.16"]
[WhiteClock "0:00:02"]
[BlackClock "0:00:28"]

1. e4 c5 2. Nf3 d6 3. d4 cxd4 4. Nxd4 Nf6 5. Nc3 g6 6. Bg5 Bg7 7. f4 Nc6 8. Nf3 O-O 9. Bd3 Qb6 10. Rb1 h6 11. Bh4 Qe3+ 12. Ne2 Qb6 13. Bf2 Qa5+ 14. Nc3 Ng4 15. O-O Nxf2 16. Rxf2 Bxc3 17. bxc3 Qxc3 18. Rb3 Qc5 19. Qd2 Be6 20. Rxb7 Rab8 21. Rxb8 Rxb8 22. h3 Bxa2 23. Kh2 Be6 24. f5 Bd7 25. Qxh6 Qxf2 26. fxg6 fxg6 27. Bc4+ e6 28. Qxg6+ Kf8 29. Bxe6 Bxe6 30. Qxe6 Qc5 31. h4 a5 32. Kh3 a4 33. Ng5 Nd8 34. Qh6+ Ke8 35. Qh7 Rb7 36. Qg8+ Kd7 37. Qg7+ Kc8 38. Qf8 Qe5 39. g3 a3 40. Qf3 a2 41. Qg4+ Kb8 42. Nf3 Qe6 0-1


[Site "https://www.chess.com"]

[Event "Titled Tuesday Blitz February 15 Late 2022"]
[White "Brunner, Nicolas"]
[Black "Foisor, Sabina-Francesca"]
[WhiteFideId "620246"]
[BlackFideId "1212915"]
[WhiteElo "2372"]
[BlackElo "2243"]
[Result "1-0"]
[Round "05"]
[TimeControl "180+1"]
[Date "2022.02.16"]
[WhiteClock "0:00:22"]
[BlackClock "0:00:08"]

1. d4 d5 2. c4 e6 3. Nf3 Nf6 4. g3 Be7 5. Bg2 O-O 6. O-O c6 7. Qc2 b6 8. Nbd2 Bb7 9. e4 Na6 10. a3 Rc8 11. b4 c5 12. dxc5 bxc5 13. b5 Nc7 14. exd5 exd5 15. a4 d4 16. Re1 Ne6 17. Ne5 Bxg2 18. Kxg2 Bd6 19. Nc6 Qc7 20. Nf3 Rcd8 21. Qd3 Rde8 22. Bd2 h6 23. a5 Nd8 24. Nxd8 Qxd8 25. a6 Bc7 26. Nh4 Qa8+ 27. Qf3 Bb6 28. Qxa8 Rxa8 29. Nf5 Rfe8 30. Ne7+ Kf8 31. Nc6 Rxe1 32. Rxe1 Re8 33. Rxe8+ Kxe8 34. Kf3 Kd7 35. Bf4 Ne8 36. Ke4 Ke6 37. Bb8 Nd6+ 38. Bxd6 Kxd6 39. g4 g6 40. f4 Ke6 41. f5+ Kd6 42. fxg6 fxg6 43. Ne5 g5 44. Nf7+ Ke6 45. Nxh6 Bc7 46. h3 Kf6 47. Nf5 Bb6 48. Nd6 Bc7 49. Ne8+ 1-0


[Site "https://www.chess.com"]

[Event "Titled Tuesday Blitz February 15 Late 2022"]
[White "Bugayev, Vladimir"]
[Black "Ankerst, Mihael"]
[WhiteFideId "30901480"]
[BlackFideId "14602369"]
[WhiteElo "2416"]
[BlackElo "2302"]
[Result "1-0"]
[Round "05"]
[TimeControl "180+1"]
[Date "2022.02.16"]
[WhiteClock "0:00:01"]
[BlackClock "0:00:02"]

1. e4 c5 2. Nc3 Nc6 3. Bb5 e6 4. Bxc6 bxc6 5. d3 d5 6. f4 Nf6 7. Nf3 Be7 8. e5 Nd7 9. O-O O-O 10. Qe1 Qc7 11. b3 Rd8 12. Bd2 g6 13. Ne2 c4 14. dxc4 dxc4 15. Be3 c5 16. Nc3 Nb6 17. Nb5 Qc6 18. Nd6 Bxd6 19. exd6 Nd5 20. Bc1 c3 21. Ne5 Qxd6 22. Nc4 Qc6 23. f5 exf5 24. Bg5 Re8 25. Qh4 Ba6 26. Rfe1 Rxe1+ 27. Rxe1 Re8 28. Ne5 Qd6 29. Nf3 Qc6 30. Ne5 Qd6 31. Nf3 Qd7 32. Ne5 Qc7 33. Nf3 Qc8 34. Bh6 f6 35. Rd1 Qc6 36. h3 Be2 37. Re1 Bxf3 38. gxf3 Re6 39. Qg3 f4 40. Qf2 g5 41. Rxe6 Qxe6 42. Qxc5 Qe3+ 43. Qxe3 Nxe3 44. h4 Kf7 45. hxg5 Kg6 46. Bf8 Nxc2 47. gxf6 Nd4 48. Ba3 Nxf3+ 49. Kf2 Nd4 50. Bc1 Ne6 51. Kf3 Kxf6 52. b4 Ke5 53. a4 a6 54. b5 axb5 55. axb5 Kd5 56. Ba3 h5 57. Be7 c2 58. Ba3 h4 59. Kg4 Ke4 60. b6 Nd8 61. Kxh4 Ke3 62. Bc1+ Ke4 63. Kg4 f3 64. Kg3 Nb7 65. Kf2 Nc5 66. Ba3 Kf4 67. Kf1 Nb7 68. Bc1+ Kf5 69. Kf2 Ke4 70. Ba3 Nd6 71. Bc1 1-0


[Site "https://www.chess.com"]

[Event "Titled Tuesday Blitz February 15 Late 2022"]
[White "Chigaev, Maksim"]
[Black "Papasimakopoulos, Alexandros"]
[WhiteFideId "4108116"]
[BlackFideId "4244125"]
[WhiteElo "2502"]
[BlackElo "2340"]
[Result "1-0"]
[Round "05"]
[TimeControl "180+1"]
[Date "2022.02.15"]
[WhiteClock "0:00:09"]
[BlackClock "0:00:15"]

1. e4 e6 2. d4 d5 3. Nc3 Bb4 4. exd5 exd5 5. Bd3 Nc6 6. a3 Bxc3+ 7. bxc3 Nf6 8. Nf3 Bg4 9. O-O O-O 10. h3 Bh5 11. Bf4 Re8 12. Rb1 Rb8 13. g4 Bg6 14. Ne5 Nxe5 15. dxe5 Ne4 16. Bxe4 Bxe4 17. f3 Bg6 18. Kg2 Re6 19. Rf2 f6 20. exf6 Qxf6 21. Bxc7 Rc8 22. Bg3 b6 23. Qxd5 Bf7 24. Qb7 Rxc3 25. Qxa7 h5 26. Qb8+ Kh7 27. Qf4 Qxf4 28. Bxf4 Rxa3 29. Rb5 hxg4 30. hxg4 Rc6 31. Be5 Bc4 32. Rb1 Bd5 33. c3 Ra4 34. Kg3 Re6 35. Bd4 Ra6 36. Rh1+ Kg8 37. Rh5 Bc4 38. Rfh2 b5 39. Rh8+ Kf7 40. R2h7 Rg6 41. Rb8 Rae6 42. Rb7+ Kf8 43. Rh8# 1-0


[Site "https://www.chess.com"]

[Event "Titled Tuesday Blitz February 15 Late 2022"]
[White "Coelho, Ramyres Santana"]
[Black "Koepke, Christian"]
[WhiteFideId "2120690"]
[BlackFideId "4655737"]
[WhiteElo "1888"]
[BlackElo "2180"]
[Result "0-1"]
[Round "05"]
[TimeControl "180+1"]
[Date "2022.02.16"]
[WhiteClock "0:00:09"]
[BlackClock "0:00:53"]

1. e4 Nf6 2. e5 Nd5 3. Nc3 e6 4. Nxd5 exd5 5. d4 d6 6. Bd3 dxe5 7. dxe5 c5 8. c3 Nc6 9. Nf3 Be7 10. O-O h6 11. h3 Be6 12. Re1 Qd7 13. Bf4 O-O-O 14. b4 cxb4 15. cxb4 Bxb4 16. Re2 g5 17. Be3 g4 18. Nd4 Kb8 19. Nxc6+ Qxc6 20. Rc2 Bc3 21. Rac1 d4 22. Bxd4 gxh3 23. f3 Bxd4+ 24. Kh2 Bxe5+ 25. g3 Qd6 26. Qe2 Bxg3+ 27. Kh1 Qxd3 28. Qxd3 Rxd3 29. a4 Rhd8 30. Kg1 Rd1+ 0-1


[Site "https://www.chess.com"]

[Event "Titled Tuesday Blitz February 15 Late 2022"]
[White "Cori T., Deysi"]
[Black "Bettalli, Francesco"]
[WhiteFideId "3801934"]
[BlackFideId "2816453"]
[WhiteElo "2350"]
[BlackElo "2216"]
[Result "1-0"]
[Round "05"]
[TimeControl "180+1"]
[Date "2022.02.16"]
[WhiteClock "0:02:11"]
[BlackClock "0:02:37"]

1. d4 Nf6 2. c4 c5 3. d5 b5 4. cxb5 a6 5. b6 d6 6. Nc3 Nbd7 7. e4 g6 8. Nf3 Bg7 9. Be2 O-O 10. O-O Nxb6 11. h3 a5 12. Nd2 a4 13. Rb1 Ba6 14. Bxa6 Rxa6 15. Qe2 Qa8 16. Kh2 Nfd7 17. f4 Rb8 18. Nf3 a3 19. Nb5 axb2 20. Bxb2 Rxa2 21. e5 Nxd5 22. exd6 exd6 23. Nxd6 Nc3 24. Qe7 Nxb1 25. Qxf7+ Kh8 26. Qxg7# 1-0


[Site "https://www.chess.com"]

[Event "Titled Tuesday Blitz February 15 Late 2022"]
[White "Corrales Jimenez, Fidel"]
[Black "Jakubowski, Krzysztof"]
[WhiteFideId "3506690"]
[BlackFideId "1112848"]
[WhiteElo "2541"]
[BlackElo "2365"]
[Result "1-0"]
[Round "05"]
[TimeControl "180+1"]
[Date "2022.02.15"]
[WhiteClock "0:00:13"]
[BlackClock "0:00:01"]

1. d4 Nf6 2. c4 e6 3. Nc3 Bb4 4. a3 Bxc3+ 5. bxc3 d5 6. f3 c5 7. cxd5 exd5 8. e3 c4 9. Ne2 Nc6 10. Ng3 O-O 11. Be2 Na5 12. O-O Nb3 13. Ra2 a5 14. e4 b5 15. Bg5 h6 16. Bxf6 Qxf6 17. e5 Qf4 18. Kh1 Rb8 19. Nh5 Qe3 20. Qe1 Bf5 21. f4 b4 22. Rf3 Qc1 23. Bd1 Bg4 24. Rc2 Qb1 25. Nf6+ gxf6 26. Rg3 f5 27. h3 h5 28. hxg4 hxg4 29. Kh2 Rb6 30. axb4 Rh6+ 31. Kg1 axb4 32. Kf2 Ra8 33. Re2 bxc3 34. e6 fxe6 35. Rxe6 Ra2+ 36. Re2 Rxe2+ 37. Qxe2 Qe4 38. Qxe4 dxe4 39. Rxc3 Nxd4 40. Rxc4 Ne6 41. Bb3 Kg7 42. Kg3 Nf8 43. Rc7+ Kg6 44. Rc5 Rh1 45. Ba4 Nh7 46. Be8+ Kf6 47. Bd7 1-0


[Site "https://www.chess.com"]

[Event "Titled Tuesday Blitz February 15 Late 2022"]
[White "Csonka, Balazs"]
[Black "Kushko, Dmitriy"]
[WhiteFideId "742910"]
[BlackFideId "14162261"]
[WhiteElo "2404"]
[BlackElo "2225"]
[Result "1/2-1/2"]
[Round "05"]
[TimeControl "180+1"]
[Date "2022.02.16"]
[WhiteClock "0:00:08"]
[BlackClock "0:00:16"]

1. e4 d6 2. d4 Nf6 3. f3 e5 4. dxe5 dxe5 5. Qxd8+ Kxd8 6. Bc4 Ke8 7. Be3 Nbd7 8. Nd2 Bc5 9. Nf1 c6 10. a4 a5 11. Ne2 Ke7 12. Nc1 Bxe3 13. Nxe3 Nc5 14. Ke2 Bd7 15. Rd1 Rhd8 16. c3 g6 17. Nd3 Nxd3 18. Rxd3 Be8 19. Rad1 Rxd3 20. Bxd3 Nd7 21. Bc2 Nb6 22. Bb3 f6 23. Nc4 Nxc4 24. Bxc4 Rd8 25. Rxd8 Kxd8 26. Bg8 h6 27. Kd3 Kc7 28. b4 b6 29. g3 Kd6 30. Bb3 g5 31. g4 h5 32. h3 h4 33. Ke3 Bd7 34. Kd3 Bc8 35. Bc4 Bb7 36. Ke3 Bc8 37. Kd3 Bd7 38. Bb3 Kc7 39. bxa5 bxa5 40. c4 Kb6 41. Kc3 Kc5 42. Bc2 Be6 43. Bd3 Bf7 44. Be2 Kd6 45. Bd3 Be8 46. Be2 c5 47. Bd1 Bc6 48. Bc2 f5 49. gxf5 Be8 50. Kd2 Bf7 51. Bd3 Ke7 52. Ke3 Kf6 53. Be2 Be8 54. Bd1 Bd7 55. Bb3 Bc6 56. Bc2 Bb7 57. Kd2 Ba6 58. Bb3 Kg7 59. Ke3 Kf6 60. Kd2 Bb7 61. Ke3 Bc6 62. Bd1 Be8 63. Kd3 Bh5 64. Kd2 Bf7 65. Be2 g4 66. hxg4 Kg5 67. Ke3 h3 68. Kf2 Kf4 69. Bd1 Bxc4 70. g5 Kxg5 71. Kg3 Bd3 72. Kxh3 c4 73. Kg3 c3 74. f6 Kxf6 75. f4 exf4+ 76. Kxf4 c2 77. Bxc2 Bxc2 78. Ke3 Ke6 79. Kd4 Kd6 80. Kc4 Kc6 81. e5 Bf5 82. Kd4 Be6 83. Kd3 Kc5 84. Kc3 Kd5 85. Kb2 Ke4 86. Ka1 Ke3 87. Kb2 Kd2 88. Ka1 Kc3 89. Kb1 Kb3 90. Ka1 Bf5 91. e6 Bxe6 92. Kb1 Ka3 93. Ka1 Bd5 94. Kb1 Be4+ 95. Ka1 Kb4 96. Kb2 Kxa4 97. Ka2 Kb4 98. Kb2 a4 99. Ka1 a3 100. Ka2 Ka4 101. Ka1 Kb3 1/2-1/2


[Site "https://www.chess.com"]